 Dungeon Crawl Stone Soup version 0.31-a0-277-g31ea1f65cc (webtiles) character file.

Game seed: 12298910284008517786

28060 Newt the Carver (level 13, 0/93 (96) HPs)
             Began as a Demonspawn Gladiator on July 15, 2023.
             Was the Champion of Makhleb.
             Slain by a black mamba (9 damage)
             ... on level 3 of the Lair of Beasts.
             The game lasted 00:19:45 (13913 turns).

Newt the Carver (Demonspawn Gladiator)             Turns: 13913, Time: 00:19:46

HP:   0/93 (96)     AC: 13    Str: 17    XL:     13   Next: 7%
MP:   19/19         EV: 13    Int: 11    God:    Makhleb [******]
Gold: 1185          SH:  0    Dex: 16    Spells: 11/12 levels left

rFire   . . .        o - +2 triple sword (elec)
rCold   . . .        (shield currently unavailable)
rNeg    . . .        n - +0 troll leather armour
rPois   .            (helmet restricted)
rElec   .            Q - +0 cloak
rCorr   .            (no gloves)
SInv    .            V - +1 pair of boots {rampage}
Will    .....        f - amulet of the acrobat
Stlth   +            x - +4 ring of protection
HPRegen 1.15/turn    (no ring)
MPRegen 0.16/turn

%: acrobat, rampage
@: studying Polearms, lightly drained
A: antennae 1, ignite blood 2, powered by death 3, sturdy frame 3
a: Renounce Religion, Minor Destruction, Lesser Servant of Makhleb, Major
Destruction, Greater Servant of Makhleb


You were on level 3 of the Lair of Beasts.
You worshipped Makhleb.
Makhleb was exalted by your worship.
You visited 3 branches of the dungeon, and saw 14 of its levels.
You also visited: Ossuary and Bailey.

You collected 1425 gold pieces.
You spent 240 gold pieces at shops.

Inventory:

Hand Weapons
 a - a +0 rapier
 m - a +0 long sword of protection
 o - a +2 triple sword of electrocution (weapon)
Missiles
 j - 25 boomerangs (quivered)
 k - 4 silver javelins
 l - 30 poisoned darts
 t - a javelin
Armour
 b - a +0 leather armour
 c - a +0 helmet
 e - a +1 helmet
 n - a +0 troll leather armour (worn)
 C - a +4 scale mail
 K - a +2 ring mail of fire resistance
 Q - a +0 cloak (worn)
 V - a +1 pair of boots of rampaging (worn)
Jewellery
 f - an amulet of the acrobat (around neck)
 h - an amulet of faith
 x - a +4 ring of protection (left hand)
 y - an amulet of magic regeneration
Wands
 w - a wand of flame (46)
 z - a wand of roots (16)
 I - a wand of polymorph (9)
 R - a wand of mindburst (6)
Scrolls
 d - a scroll of identify
 D - 4 scrolls of summoning
 F - 2 scrolls of silence
 J - 3 scrolls of blinking
 L - a scroll of vulnerability
 M - 2 scrolls of teleportation
 N - a scroll of revelation
 P - a scroll of enchant weapon {unknown}
 T - a scroll of amnesia {unknown}
 U - a scroll of fear {unknown}
 W - a scroll of torment {unknown}
Potions
 g - 6 potions of brilliance
 i - 3 potions of attraction
 p - a potion of magic
 q - 7 potions of enlightenment
 r - a potion of haste
 s - 2 potions of degeneration
 u - 2 potions of cancellation
 v - 3 potions of curing
 A - 2 potions of mutation {unknown}
 B - 4 potions of heal wounds {unknown}
 E - a potion of might
 G - a potion of berserk rage {unknown}
 H - 2 potions of resistance {unknown}
 O - a potion of lignification
 S - a potion of invisibility {unknown}


   Skills:
 - Level 7.0 Fighting
 - Level 2.6(9.2) Short Blades
 - Level 13.6(13.7) Long Blades
 - Level 8.0 Throwing
 - Level 8.0 Armour
 - Level 2.6 Dodging
 - Level 3.0 Summonings
 + Level 9.2 Invocations
 - Level 5.6 Evocations


You had 11 spell levels left.
You knew the following spells:

 Your Spells              Type           Power      Damage    Failure   Level
a - Summon Small Mammal   Summ           24%        N/A       11%         1

Your spell library contained the following spells:

 Spells                   Type           Power      Damage    Failure   Level
 Call Canine Familiar     Summ           6%         N/A       30%         3
 Apportation              Tloc           0%         N/A       34%         1
 Necrotise                Necr           0%         1d4       34%         1
 Slow                     Hex            0%         N/A       34%         1
 Confusing Touch          Hex            0%         N/A       71%         3
 Dazzling Flash           Conj/Hex       0%         N/A       71%         3
 Gell's Gravitas          Tloc           0%         N/A       71%         3
 Portal Projectile        Hex/Tloc       0%         N/A       71%         3
 Teleport Other           Tloc           0%         N/A       71%         3
 Animate Armour           Summ/Erth      6%         N/A       88%         4
 Summon Lightning Spire   Summ/Air       3%         N/A       88%         4
 Leda's Liquefaction      Hex/Erth       0%         N/A       98%         4
 Lee's Rapid Deconstruct  Erth           0%         3d4*      100%        5
 Metabolic Englaciation   Hex/Ice        0%         N/A       100%        5
 Dispersal                Tloc           0%         N/A       100%        6


Dungeon Overview and Level Annotations

Branches:
Dungeon (10/15)            Temple (1/1) D:4            Lair (3/5) D:10
 Shoals (0/4) Lair:3       Spider (0/4) Lair:3          Orc (0/2) D:9
Ossuary (visited)          Bailey (visited)

Altars:
Ashenzari
Cheibriados
Dithmenos
Fedhas
Gozag
Hepliaklqana
Kikubaaqudgha
Makhleb
Nemelex Xobeh
Okawaru
Qazlal
Ru
Sif Muna
Trog
Uskayaw
Vehumet
Wu Jian
Xom
Yredelemnul

Shops:
D:4 *

Annotations:
D:4 3 runed translucent doors, Newt's ghost, novice KoHu; benadryl's ghost, amateur TrSh


Innate Abilities, Weirdness & Mutations

You have a pair of small antennae on your head.
Your demonic aura often causes spilled blood to erupt in flames.
You regenerate a lot of health from kills.
Your movements are significantly less encumbered by armour. (ER -6)


Message History

The lindwurm is lightly wounded.
A hell rat comes into view.
The lindwurm bites you. The lindwurm closely misses you.
The lindwurm claws you but does no damage.
You closely miss the lindwurm.
The lindwurm is lightly wounded.
The hell rat roars deafeningly!
The black mamba hisses angrily.
You hear a bellow! x2
The lindwurm closely misses you. x2; The lindwurm barely misses you.
You barely miss the lindwurm.
The lindwurm is lightly wounded.
The lindwurm bites you but does no damage.
The lindwurm completely misses you.
The lindwurm claws you but does no damage.
Unknown command.
You slash the lindwurm!
The lindwurm is moderately wounded.
The lindwurm breathes flames at you. The blast of flame hits you!!!
You hear a deafening roar!
You are too injured to fight recklessly!
Unknown command.
You barely miss the lindwurm.
The lindwurm is moderately wounded.
You hear a bellow!
The lindwurm barely misses you. The lindwurm claws you. x2
The black mamba bites you!
* * * LOW HITPOINT WARNING * * *
Unknown command.
You barely miss the black mamba. The black mamba bites you!
* * * LOW HITPOINT WARNING * * *
The lindwurm is engulfed in blazing flames.
The lindwurm bites you.
* * * LOW HITPOINT WARNING * * *
The lindwurm claws you but does no damage.
The lindwurm claws you.
* * * LOW HITPOINT WARNING * * *
The black mamba is engulfed in blazing flames.
The black mamba bites you!
You die...

.....P# S...... .. .......
S#+.##S ....... .......
....... ....... r....##
.......#+#k.#....
.).......@Sr.....
.)....P......#....
..................
........$.........#
....#.............#. .
......#.....#...... ..
.......#...#....... ...
#.#...........###.....###....
#...........†...#............


You could see a lindwurm (catching breath), a black mamba, a water moccasin
(wandering) and 2 hell rats.

Vanquished Creatures
  A hydra (Lair:3)
  A two-headed ogre (D:9)
  3 death yaks (Lair:3)
  A pharaoh ant (Lair:3)
  An orc knight (Bailey)
  2 necromancers (D:9)
  An ugly thing (D:10)
  3 elephants (Lair:3)
  A black mamba (Lair:1)
  4 cane toads
  4 unseen horror zombies (D:9)
  A rime drake (Lair:1)
  4 komodo dragons
  2 unseen horror skeletons (D:9)
  2 trolls (D:10)
  5 polar bears (Lair:2)
  4 blink frogs (Lair:2)
  Sigmund (D:5)
  A jumping spider (Lair:3)
  4 flying skulls
  4 shadows (D:9)
  5 wraiths
  A wyvern (Lair:2)
  23 yaks
  A vampire (D:10)
  3 basilisks
  2 steam dragons (D:8)
  A redback (Lair:3)
  Edmund (D:5)
  3 wargs (D:10)
  Menkaure (D:7)
  An acid dragon (D:8)
  7 water moccasins
  10 orc warriors
  3 ice beasts
  A hornet zombie (D:9)
  2 sky beasts
  5 black bears
  2 ogres
  13 wolves
  2 centaurs
  3 kobold brigands
  8 bullfrogs
  2 scorpions
  2 gnoll sergeants (D:6)
  25 wights
  A wyvern skeleton (D:9)
  5 killer bees (D:10)
  2 electric eels (Lair:2)
  3 howler monkeys
  6 centaur zombies (D:9)
  3 hounds
  6 orc priests
  A jelly (D:4)
  A sleepcap (D:4)
  6 iguanas
  9 orc wizards
  Natasha (twice) (D:2)
  A mummy (D:7)
  A howler monkey zombie (D:9)
  Robin (D:3)
  8 adders
  12 gnolls
  2 shadow imps
  A white imp (D:7)
  2 ufetubi (D:5)
  2 worms
  3 dart slugs (D:1)
  34 orcs
  6 bats
  7 endoplasms
  A giant cockroach (D:3)
  12 hobgoblins
  2 jackals (D:2)
  28 kobolds
  4 quokkas
  6 ball pythons
  A ball python skeleton (Ossuary)
  5 frilled lizards
  15 goblins
  A hobgoblin skeleton (Ossuary)
  A hobgoblin zombie (Ossuary)
  2 kobold zombies (Ossuary)
  2 orc zombies (Ossuary)
  3 rats
385 creatures vanquished.

Vanquished Creatures (others)
  An adder (D:6)
1 creature vanquished.

Grand Total: 386 creatures vanquished

Notes
Turn   | Place    | Note
-------+----------+-------------------------------------------
     0 | D:1      | Newt the Demonspawn Gladiator began the quest for the Orb.
     0 | D:1      | Reached XP level 1. HP: 16/16 MP: 1/1
   223 | D:1      | Gained mutation: Your movements are slightly less
                  | encumbered by armour. (ER -2) [demonic ancestry]
   223 | D:1      | Reached XP level 2. HP: 20/23 MP: 2/2
   366 | D:1      | Learned a level 1 spell: Summon Small Mammal
   402 | D:1      | Found a faded altar of an unknown god.
   482 | D:1      | Gained mutation: Your movements are less encumbered by
                  | armour. (ER -4) [demonic ancestry]
   482 | D:1      | Reached XP level 3. HP: 29/29 MP: 3/3
   996 | D:2      | Noticed Natasha
  1004 | D:2      | Killed Natasha
  1005 | D:2      | Reached skill level 1 in Summonings
  1050 | D:2      | Reached XP level 4. HP: 35/37 MP: 4/4
  1531 | D:2      | Noticed Natasha
  1536 | D:2      | Killed Natasha
  1616 | D:3      | Noticed Robin
  2200 | D:3      | Got the Spellbook of Malisons
  2274 | D:3      | Identified a scroll of acquirement
  2274 | D:3      | Acquired a +2 triple sword of electrocution
  2465 | D:3      | Gained mutation: You regenerate a little health from kills.
                  | [demonic ancestry]
  2465 | D:3      | Reached XP level 5. HP: 36/42 MP: 3/5
  2478 | D:3      | Killed Robin
  2479 | D:3      | Reached skill level 1 in Long Blades
  2651 | D:3      | Found a broken altar of Ashenzari.
  3029 | D:4      | Reached skill level 2 in Long Blades
  3051 | D:4      | Noticed Edmund
  3265 | D:4      | Found Ohergh's General Store.
  3312 | D:4      | Bought a scroll of identify for 26 gold pieces
  3608 | D:4      | Noticed an ogre
  3614 | D:4      | Killed an ogre
  3615 | D:4      | Reached skill level 3 in Long Blades
  3615 | D:4      | Gained mutation: You regenerate health from kills. [demonic
                  | ancestry]
  3615 | D:4      | Reached XP level 6. HP: 48/48 MP: 6/6
  3630 | D:4      | Found a runed translucent gate.
  3631 | D:4      | Found a runed translucent gate.
  3664 | D:4      | Found a staircase to the Ecumenical Temple.
  3670 | D:4      | Reached skill level 4 in Long Blades
  3674 | Temple   | Entered the Ecumenical Temple
  3793 | Temple   | Became a worshipper of Makhleb the Destroyer
  3845 | D:4      | Found a runed translucent gate.
  3845 | D:4      | Noticed Newt's ghost (novice KoHu)
  3845 | D:4      | Noticed benadryl's ghost (amateur TrSh)
  4108 | D:5      | Entered Level 5 of the Dungeon
  4121 | D:5      | Killed Edmund
  4178 | D:5      | Reached skill level 5 in Long Blades
  4178 | D:5      | Gained mutation: Your movements are significantly less
                  | encumbered by armour. (ER -6) [demonic ancestry]
  4178 | D:5      | Reached XP level 7. HP: 54/54 MP: 7/7
  4444 | D:5      | Reached skill level 5 in Fighting
  4633 | D:5      | Noticed Sigmund
  4639 | D:5      | Killed Sigmund
  4640 | D:5      | Gained mutation: You regenerate a lot of health from kills.
                  | [demonic ancestry]
  4640 | D:5      | Reached XP level 8. HP: 65/65 MP: 8/8
  4800 | D:5      | Reached * piety under Makhleb
  4913 | D:6      | Found an opulent altar of Gozag.
  4922 | D:6      | Reached skill level 1 in Armour
  5166 | D:6      | Found a sparkling altar of Nemelex Xobeh.
  5181 | D:6      | Reached skill level 6 in Long Blades
  5791 | D:7      | Reached skill level 7 in Long Blades
  5793 | D:7      | Gained mutation: Your demonic aura sometimes causes spilled
                  | blood to erupt in flames. [demonic ancestry]
  5793 | D:7      | Reached XP level 9. HP: 44/70 MP: 9/9
  5827 | D:7      | Reached ** piety under Makhleb
  5942 | D:7      | Found a sand-covered staircase.
  5952 | Ossuary  | Entered an ossuary
  6022 | Ossuary  | Reached skill level 8 in Long Blades
  6408 | D:7      | Found a shadowy altar of Dithmenos.
  6416 | D:7      | Reached skill level 9 in Long Blades
  6693 | D:7      | Reached skill level 1 in Evocations
  6940 | D:7      | Noticed Menkaure
  6943 | D:7      | Killed Menkaure
  7145 | D:8      | Found a hazy altar of Hepliaklqana.
  7293 | D:8      | Reached XP level 10. HP: 76/79 MP: 10/10
  7326 | D:8      | Found a flagged portal.
  7343 | D:8      | Reached *** piety under Makhleb
  7357 | Bailey   | Entered a bailey
  7371 | Bailey   | Noticed an orc knight
  7415 | Bailey   | Killed an orc knight
  7416 | Bailey   | Reached skill level 5 in Evocations
  8131 | D:8      | Found a bloodstained altar of Trog.
  8527 | D:9      | HP: 3/79 [flying skull (6)]
  8528 | D:10     | Entered Level 10 of the Dungeon
  8555 | D:10     | Reached skill level 5 in Throwing
  8799 | D:10     | Reached **** piety under Makhleb
  8816 | D:10     | Reached XP level 11. HP: 84/84 MP: 11/11
  8984 | D:10     | Noticed a brown ugly thing
  8994 | D:10     | Killed a brown ugly thing
  9031 | D:10     | Reached skill level 10 in Long Blades
  9061 | D:10     | Found a staircase to the Lair.
  9437 | D:10     | Reached skill level 11 in Long Blades
  9994 | D:9      | Found a staircase to the Orcish Mines.
  9994 | D:9      | Noticed a necromancer
 10001 | D:9      | Killed a necromancer
 10023 | D:9      | Reached ***** piety under Makhleb
 10055 | D:9      | Reached skill level 12 in Long Blades
 10298 | D:9      | Noticed a two-headed ogre
 10310 | D:9      | Killed a two-headed ogre
 10580 | D:9      | Reached skill level 13 in Long Blades
 10644 | D:9      | Noticed a necromancer
 10650 | D:9      | Killed a necromancer
 10651 | D:9      | Gained mutation: You have a pair of small antennae on your
                  | head. [demonic ancestry]
 10651 | D:9      | Reached XP level 12. HP: 39/91 MP: 12/12
 10732 | D:9      | Found a blossoming altar of Fedhas.
 10935 | Lair:1   | Entered Level 1 of the Lair of Beasts
 12040 | Lair:2   | Reached skill level 5 in Armour
 12061 | Lair:2   | Identified the +1 spear of Wyrd {freeze, Str+6 Stlth+}
 12796 | Lair:2   | Reached skill level 1 in Invocations
 13137 | D:4      | Bought a +1 pair of boots of rampaging for 214 gold pieces
 13326 | Lair:3   | Found a hole to the Spider Nest.
 13424 | Lair:3   | Noticed an eight-headed hydra
 13428 | Lair:3   | Killed a nine-headed hydra
 13569 | Lair:3   | Reached skill level 5 in Invocations
 13603 | Lair:3   | Found a staircase to the Shoals.
 13647 | Lair:3   | Noticed a death yak
 13649 | Lair:3   | Noticed a death yak
 13650 | Lair:3   | Noticed a death yak
 13700 | Lair:3   | Killed a death yak
 13704 | Lair:3   | Killed a death yak
 13711 | Lair:3   | Killed a death yak
 13789 | Lair:3   | Gained mutation: Your demonic aura often causes spilled
                  | blood to erupt in flames. [demonic ancestry]
 13789 | Lair:3   | Reached XP level 13. HP: 92/96 MP: 19/19
 13871 | Lair:3   | Reached ****** piety under Makhleb
 13913 | Lair:3   | Slain by a black mamba

Illustrated notes

Levels and vault maps discovered:
D:1:      lemuel_arrival_funnel, layout_basic, basic_ecumenical_altar,
          serial_bayou_lagoon_a, minmay_indecisive_spiral
D:2:      layout_basic, minmay_crystal_water, uniq_natasha
D:3:      layout_basic, mainiacjoe_overflow_six_doors_small, uniq_robin
D:4:      layout_basic, minmay_temple_entry_hall, serial_shops,
          nicolae_shop_waterfront, gammafunk_ghost_cemetery,
          kennysheep_generic_room_7, uniq_edmund
D:5:      layout_loops_ring, uniq_sigmund
D:6:      minmay_inner_zag, layout_gridville, mainiacjoe_overflow_cross_hatched,
          lemuel_tele_altar, chequers_mini_garden, serial_park_tiny_pond
D:7:      layout_loops_ring, nicolae_dithmenos_the_darkroom,
          gup_ossuary_entry_pyramid, uniq_menkaure
D:8:      layout_gridville, mainiacjoe_overflow_alcove_2,
          mainiacjoe_overflow_chevrons, enter_bailey_4
D:9:      hangedman_screamer, layout_long_grid, mainiacjoe_overflow_paths,
          chequers_serial_rivers_micro_b
D:10:     layout_basic, erik_lair_orcish_takeover, grunt_ministairs_11
Temple:   nicolae_temple_superstar
Lair:1:   layout_regular_city
Lair:2:   beast_lair_carwin_large_1, layout_gridlike,
          nicolae_lair_grazing_beasts [nicolae_sub_lair_graze_edge,
          nicolae_sub_lair_graze_edge, nicolae_sub_lair_graze_edge,
          nicolae_sub_lair_graze_edge], serial_bayou_shore_a
Lair:3:   layout_chaotic_city, elwin_shoals_entry_rocks,
          nicolae_spider_entry_lesser_pyramids, uniq_urug

Skill      XL: |  1  2  3  4  5  6  7  8  9 10 11 12 13 |
---------------+----------------------------------------+-----
Fighting       | 3 4 6 7 |  7.0
Summonings     | 1 3 |  3.0
Long Blades    | 3 5 7 9 13 | 13.6
Armour         | 4 8 |  8.0
Evocations     | 3 5 |  5.6
Throwing       | 7 8 |  8.0
Invocations    | 8 9 |  9.2
Short Blades   | |  2.6
Dodging        | |  2.6

Action                     |  1- 3 |  4- 6 |  7- 9 | 10-12 | 13-15 || total
---------------------------+-------+-------+-------+-------+-------++-------
  Melee: Rapier            |   124 |    11 |       |       |       ||   135
         Long sword        |       |    52 |       |       |       ||    52
         Triple sword      |       |    66 |   275 |   672 |    29 ||  1042
  Throw: Javelin           |       |     2 |       |       |       ||     2
         Throwing net      |       |     1 |     1 |     8 |       ||    10
         Dart              |       |     6 |       |       |       ||     6
         Boomerang         |       |       |       |    46 |       ||    46
   Cast: Summon Small Mamm |       |     1 |       |       |       ||     1
 Invoke: Minor Destruction |       |       |       |     1 |       ||     1
         Lesser Servant of |       |       |       |     1 |       ||     1
  Evoke: Wand              |       |       |       |     4 |       ||     4
    Use: Scroll            |     3 |     8 |     5 |     7 |       ||    23
         Potion            |       |       |     1 |     5 |       ||     6
   Stab: Sleeping          |     3 |     2 |     2 |       |       ||     7
         Distracted        |       |     1 |       |     1 |       ||     2
         Held in net/web   |       |       |     1 |     3 |       ||     4
 Armour: Leather armour    |    38 |    53 |    39 |       |       ||   130
         Scale mail        |       |       |   115 |   163 |       ||   278
         Skin              |       |       |       |    27 |       ||    27
         Troll leather arm |       |       |       |   268 |    13 ||   281
  Dodge: Dodged            |    93 |   110 |   222 |   758 |    23 ||  1206

Table legend: (Time is in decaauts)
 A = Elapsed time spent in this place.
 B = Non-inter-level travel time spent in this place.
 C = Inter-level travel time spent in this place.
 D = Time resting spent in this place.
 E = Time spent auto-exploring this place.
 F = Levels seen in this place.
 G = Mean time per level.
                   A        B        C        D        E       F      G
               +--------+--------+--------+--------+--------+-----+--------+
         Total |  14344 |  13474 |    870 |   2234 |   7912 |  16 |  896.5 |
       Dungeon |  10716 |  10033 |    683 |   1911 |   5786 |  10 | 1071.6 |
        Temple |    141 |    115 |     26 |      0 |    100 |   1 |  141.0 |
          Lair |   2706 |   2546 |    160 |    282 |   1660 |   3 |  902.0 |
       Ossuary |    303 |    303 |      0 |      0 |    161 |   1 |  303.0 |
        Bailey |    476 |    476 |      0 |     41 |    204 |   1 |  476.0 |
               +--------+--------+--------+--------+--------+-----+--------+

Top non-repeatable levels by time:
    D:10: 1524 daAuts
     D:3: 1362 daAuts
     D:9: 1226 daAuts
     D:4: 1160 daAuts
  Lair:2: 1138 daAuts
     D:7: 1089 daAuts
  Lair:1: 1052 daAuts
     D:6: 953 daAuts
     D:8: 934 daAuts
     D:5: 860 daAuts
     D:1: 833 daAuts
     D:2: 770 daAuts
  Lair:3: 516 daAuts
  Bailey: 476 daAuts
 Ossuary: 303 daAuts
